 Dungeon Crawl Stone Soup version 0.25-a0-589-g1e14c549ee (webtiles) character file.

Game seed: 7455963107724482947, levelgen mode: deterministic

970 Kohma the Geomancer (level 8, -1/41 HPs)
             Began as a Gargoyle Earth Elementalist on Mar 13, 2020.
             Killed by divine providence
             ... invoked by an orc priest
              (10 damage)
             ... on level 5 of the Dungeon.
             The game lasted 00:12:21 (4766 turns).

Kohma the Geomancer (Gargoyle Earth Elementalist)   Turns: 4766, Time: 00:12:22

Health: -1/41      AC:  9    Str: 12    XL:     8   Next: 16%
Magic:  8/15       EV: 12    Int: 18    God:
Gold:   261        SH:  0    Dex: 10    Spells: 5/16 levels left

rFire    + . .     SeeInvis .   n - +1 dagger
rCold    . . .     Gourm    .   (no shield)
rNeg     + . .     Faith    .   c - +0 robe
rPois    ∞         Spirit   .   (no helmet)
rElec    +         Reflect  .   (no cloak)
rCorr    .         Harm     .   r - +1 pair of gloves
MR       +....                  (no boots)
Stlth    ++........             (no amulet)
HPRegen  0.13/turn              z - ring of protection from magic
MPRegen  0.14/turn              a - ring of protection from fire

@: no status effects
A: negative energy resistance 1, electricity resistance, unbreathing,
petrification resistance, rot immunity, AC +5
a: no special abilities


You were on level 5 of the Dungeon.
You were very hungry.

You visited 1 branch of the dungeon, and saw 5 of its levels.

You collected 261 gold pieces.

Inventory:

Hand Weapons
 n - a +1 dagger (weapon)
 p - a +0 hunting sling
Missiles
 b - 77 stones
 h - 10 poisoned darts (quivered)
 m - 44 bolts
 q - 12 sling bullets
 t - 36 arrows
Armour
 c - a +0 robe (worn)
 r - a +1 pair of gloves (worn)
 x - a +0 tower shield
Jewellery
 a - a ring of protection from fire (right hand)
 z - a ring of protection from magic (left hand)
Scrolls
 f - 2 scrolls of teleportation
 j - a scroll of blinking
 s - a scroll of noise
Potions
 e - a potion of resistance {unknown}
 g - a potion of flight {unknown}
 l - 2 potions of curing
 w - a potion of mutation {unknown}
 A - a potion of lignification {unknown}
Comestibles
 d - 11 rations
 i - 3 chunks of flesh


   Skills:
 - Level 1.5 Dodging
 - Level 2.1 Stealth
 + Level 4.9 Spellcasting
 - Level 3.1 Conjurations
 - Level 0.7 Transmutations
 * Level 9.2 Earth Magic


You had 5 spell levels left.
You knew the following spells:

 Your Spells              Type           Power        Failure   Level  Hunger
a - Sandblast             Erth           #####.       1%          1    None
b - Passwall              Tmut/Erth      ###.....     2%          2    #......
c - Stone Arrow           Conj/Erth      ####..       3%          3    ###....
d - Lee's Rapid Deconstr  Erth           #####.....   9%          5    ######.

Your spell library contained the following spells:

 Spells                   Type           Power        Failure   Level  Hunger
 Petrify                  Tmut/Erth      ###.....     17%         4    ####...


Dungeon Overview and Level Annotations

Branches:
Dungeon (5/15)
 Temple: D:4-7

Altars:
Cheibriados
Gozag
Hepliaklqana
Kikubaaqudgha
Okawaru
Wu Jian
Zin
The Shining One

Shops:
D:4 =[

Annotations:
D:3 2 transporters, Kohma's ghost, amateur DsGl


Innate Abilities, Weirdness & Mutations

You are resistant to torment.
Your stone body is resilient. (AC +5)
You are immune to poison.
You resist negative energy. (rN+)
You are resistant to electric shocks. (rElec)
You can survive without breathing.
You are immune to petrification.
You are immune to rotting.


Message History

Press: ? - help, Shift-Dir - straight line, f/p - orc priest
Aim: an orc priest, wielding a +0 hand axe and wearing a +2 leather armour of cold resistance (moderately wounded)
The stone arrow hits the orc priest!!
You kill the orc priest!
The orc priest invokes the aid of Beogh against you.
Beogh smites you!
The orc priest calls down the wrath of Beogh upon you.
Beogh smites you!
Found a scroll of teleportation.
Found a mace.
The orc priest invokes the aid of Beogh against you.
Beogh smites you!
* * * LOW HITPOINT WARNING * * *
The orc priest looks satisfied for a moment.
The orc priest looks satisfied for a moment.
Your magical contamination has completely faded away.
You are feeling very hungry.
The orc priest mumbles some strange prayers to Beogh against you.
Beogh smites you!
You die...

#..
#........o....##.#......
#..
######)#o####.##o#.....)
#.#
#.....#.####.##......o.
#.#
#.#####......####......
#.####.#...........#
#......
#......)........#.##
##.....
#.####......o.....#
#..... #.# ###.........##
#..... #.# #...@.....#
#..... #.# #.........#
#.#### #.# #...<.....#
#.# #......#..# #.#
#...........
######.######......#..#.#
.................>.......
.#####.)...........##.#.
.#....<#............ #


You could see an orc priest and an orc.

Vanquished Creatures
  5 ogres
  A bullfrog (D:4)
  A scorpion (D:4)
  A crimson imp (D:5)
  An orc priest (D:5)
  A bullfrog skeleton (D:4)
  A centaur skeleton (D:4)
  An orc wizard (D:5)
  Terence (D:2)
  4 worker ants
  A hound skeleton (D:5)
  A howler monkey skeleton (D:5)
  3 gnolls
  5 adders
  An ooze (D:3)
  3 worms
  2 dart slugs
  3 leopard geckos
  6 orcs
  2 ball pythons
  A goblin (D:2)
  4 hobgoblins
  3 jackals (D:2)
  A quokka (D:2)
  4 bats
  6 frilled lizards
  A jackal skeleton (D:4)
  6 kobolds
  4 rats
74 creatures vanquished.

Vanquished Creatures (others)
  A fungus (D:5)
  4 toadstools (D:5)
5 creatures vanquished.

Grand Total: 79 creatures vanquished

Notes
Turn   | Place    | Note
-------+----------+-------------------------------------------
     0 | D:1      | Kohma the Gargoyle Earth Elementalist began the quest for
                  | the Orb.
     0 | D:1      | Reached XP level 1. HP: 10/10 MP: 3/3
   376 | D:1      | Reached skill level 4 in Earth Magic
   589 | D:1      | Reached XP level 2. HP: 10/15 MP: 5/5
   991 | D:2      | Found a snail-covered altar of Cheibriados.
  1259 | D:2      | Reached XP level 3. HP: 15/19 MP: 6/6
  1266 | D:2      | Learned a level 2 spell: Passwall
  1270 | D:2      | Learned a level 3 spell: Stone Arrow
  1855 | D:2      | Noticed Terence
  1887 | D:2      | Killed Terence
  1887 | D:2      | Reached skill level 1 in Conjurations
  1887 | D:2      | Reached skill level 5 in Earth Magic
  1887 | D:2      | Reached XP level 4. HP: 8/24 MP: 0/8
  2341 | D:3      | Found a transporter.
  2343 | D:3      | Noticed Kohma's ghost (amateur DsGl)
  2360 | D:3      | Found a transporter.
  2403 | D:3      | Reached XP level 5. HP: 26/28 MP: 4/9
  2460 | D:3      | Found an ornate altar of the Wu Jian Council.
  2562 | D:3      | Found an iron altar of Okawaru.
  2934 | D:4      | Reached skill level 6 in Earth Magic
  2947 | D:4      | Found Myneb's Antique Armour Shoppe.
  3035 | D:4      | Reached XP level 6. HP: 27/32 MP: 9/11
  3102 | D:4      | Learned a level 5 spell: Lee's Rapid Deconstruction
  3106 | D:4      | Found Vosehum's Jewellery Shoppe.
  3115 | D:4      | Found an ancient bone altar of Kikubaaqudgha.
  3369 | D:4      | Found a hazy altar of Hepliaklqana.
  3417 | D:4      | Found a glowing silver altar of Zin.
  3440 | D:4      | Found a glowing golden altar of the Shining One.
  3579 | D:4      | Reached skill level 7 in Earth Magic
  3594 | D:4      | Reached XP level 7. HP: 36/36 MP: 0/12
  3917 | D:4      | Reached skill level 8 in Earth Magic
  4192 | D:5      | Entered Level 5 of the Dungeon
  4445 | D:5      | Reached XP level 8. HP: 38/41 MP: 4/14
  4548 | D:5      | Reached skill level 9 in Earth Magic
  4622 | D:5      | Found an opulent altar of Gozag.
  4766 | D:5      | Killed from afar by an orc priest

Levels and vault maps discovered:
D:1:      dpeg_arrival_tiny_c, layout_loops_corners
D:2:      minmay_general_purpose_star, layout_loops_cross, lemuel_crystal_altar,
          uniq_terence
D:3:      layout_rooms, overflow_temple_1_default, lemuel_round_altar,
          gammafunk_ghost_stat_death
D:4:      minmay_recursive_quarters, layout_cave_pools,
          nicolae_tso_swordbearing_angel, old_standard_altar,
          chequers_temple_overflow_statue_of_worship, serial_shops, shop,
          shop_fountains
D:5:      layout_basic, temple_fountains, first_ration, hangedman_decor_growths,
          minmay_gold_behind_fungi, grunt_gozag_breadcrumbs

Skill      XL: |  1  2  3  4  5  6  7  8 |
---------------+-------------------------+-----
Earth Magic    | 4 5 6 7 8 9 |  9.2
Conjurations   | 1 2 3 |  3.1
Spellcasting   | 3 4 |  4.9
Dodging        | |  1.5
Stealth        | |  2.1
Transmutations | |  0.7

Action                   |  1- 3 |  4- 6 |  7- 9 || total
-------------------------+-------+-------+-------++-------
Melee: Unarmed           |    50 |       |       ||    50
       Dagger            |    19 |    88 |    20 ||   127
Throw: Dart              |    39 |       |       ||    39
       Stone             |     1 |       |       ||     1
 Cast: Sandblast         |    20 |    34 |    10 ||    64
       Stone Arrow       |     1 |     7 |    22 ||    30
  Use: Scroll            |       |       |     9 ||     9
 Stab: Sleeping          |     1 |       |       ||     1
  Eat: Chunk             |     3 |     6 |     5 ||    14
Armor: Robe              |    31 |    35 |     5 ||    71
Dodge: Dodged            |    67 |    76 |    17 ||   160

Table legend:
 A = Non-vault XP
 B = Vault XP
 C = Vault XP percentage of total XP
 D = Non-vault monster count
 E = Vault monster count
 F = Vault count percentage of total count
                 A         B        C        D         E       F
            +---------+---------+-------+---------+---------+-------
      Total |    1251 |     136 |   9.8 |      65 |       9 |  12.2
            +---------+---------+-------+---------+---------+-------
        D:1 |      12 |       0 |   0.0 |       7 |       0 |   0.0
        D:2 |      55 |      46 |  45.5 |      18 |       5 |  21.7
        D:3 |      98 |       0 |   0.0 |      13 |       0 |   0.0
        D:4 |     679 |      90 |  11.7 |      16 |       4 |  20.0
        D:5 |     407 |       0 |   0.0 |      11 |       0 |   0.0
            +---------+---------+-------+---------+---------+-------
